 Dungeon Crawl Stone Soup version 0.31.0-7-gf635a9b802 (webtiles) character file.

Game seed: 15718270141223876134

462 Esekla the Trooper (level 7, -3/64 HPs)
             Began as a Naga Warper on Jan 23, 2024.
             Killed from afar by a raiju (16 damage)
             ... with a living lightning
             ... on level 1 of the Abyss.
             The game lasted 00:24:09 (4612 turns).

Esekla the Trooper (Naga Warper)                    Turns: 4612, Time: 00:24:09

Health: -3/64      AC:  5    Str: 13    XL:     7   Next: 7%
Magic:  10/11      EV:  9    Int: 21    God:
Gold:   277        SH:  0    Dex: 11    Spells: 10/12 levels left

rFire   + . .        a - +0 falchion
rCold   + . .        (no shield)
rNeg    . . .        b - +0 leather armour
rPois   +            d - +1 helmet
rElec   .            l - scarf {rC+ rF+}
rCorr   .            (no gloves)
SInv    +            (no barding)
Will    .....        (no amulet)
Stlth   +            x - +6 ring of intelligence
HPRegen 0.30/turn    (no ring)
MPRegen 0.12/turn

%: no passive effects
@: very slow
A: AC +2, large, see invisible, deformed body, poison resistance, slowness 2,
spit poison 1, naga tail 1
a: Spit Poison


You were on level 1 of the Abyss.
You visited 1 branch of the dungeon, and saw 6 of its levels.
You visited the Abyss 1 time.

You collected 277 gold pieces.

Inventory:

Hand Weapons
 a - a +0 falchion (weapon)
 s - a +0 dagger
Missiles
 m - a poisoned dart (quivered)
Armour
 b - a +0 leather armour (worn)
 d - a +1 helmet (worn)
 l - a scarf of resistance (worn)
Jewellery
 x - a +6 ring of intelligence (left hand)
Scrolls
 c - 2 scrolls of blinking
 f - 2 scrolls of poison
 h - a scroll of fog
 o - a scroll of enchant armour
 u - 2 scrolls of noise {unknown}
 v - a scroll of amnesia {unknown}
Potions
 e - 3 potions of curing {unknown}
 g - a potion of might {unknown}
 i - a potion of degeneration {unknown}
 j - a potion of attraction {unknown}
 k - a potion of resistance
 n - a potion of mutation {unknown}
 p - 2 potions of enlightenment {unknown}
 q - a potion of magic {unknown}
 r - a potion of brilliance {unknown}
 t - 3 potions of cancellation {unknown}
 w - a potion of invisibility {unknown}


   Skills:
 * Level 4.2 Fighting
 + Level 4.1 Long Blades
 + Level 1.2 Throwing
 - Level 0.7 Armour
 + Level 2.4 Dodging
 + Level 1.3 Stealth
 * Level 3.2 Spellcasting
 + Level 3.8 Translocations


You had 10 spell levels left.
You knew the following spells:

 Your Spells              Type           Power      Damage    Failure   Level
b - Blink                 Tloc           38%        N/A       5%          2

Your spell library contained the following spells:

 Spells                   Type           Power      Damage    Failure   Level
 Lesser Beckoning         Tloc           38%        N/A       5%          2
 Teleport Other           Tloc           19%        N/A       11%         3
 Kiss of Death            Conj/Necr      12%        2d6       17%         1
 Manifold Assault         Tloc           19%        N/A       34%         4
 Vhi's Electric Charge    Tloc/Air       22%        N/A       58%         4
 Alistair's Intoxication  Alch           2%         N/A       99%         5
 Borgnjor's Vile Clutch   Necr/Erth      1%         N/A       99%         5
 Eringya's Noxious Bog    Alch           1%         4d6       100%        6
 Chain Lightning          Conj/Air       1%         3d2       100%        9
 Death's Door             Necr           1%         N/A       100%        9
 Fire Storm               Conj/Fire      1%         8d1       100%        9
 Polar Vortex             Ice            1%         N/A       100%        9
 Shatter                  Erth           1%         3d6*      100%        9


Dungeon Overview and Level Annotations

Branches:
Dungeon (6/15)
 Temple: D:4-7

Altars:
Elyvilon
Uskayaw

Shops:
D:4 ?


Innate Abilities, Weirdness & Mutations

Your serpentine skin is tough. (AC +2)
You have supernaturally acute eyesight. (SInv)
Armour fits poorly on your strangely shaped body.
Your system is resistant to poisons. (rPois)
You cover ground very slowly.
You can spit poison.
You have a snake-like lower body.


Message History

The kobold demonologist casts a spell.
The red devil hits you with a +0 trident of distortion!
Barbed spikes become lodged in your body.
You are cast into the Abyss!
You stop ascending the stairs.
This branch contains the abyssal rune of Zot.
You start resting.
You have got your breath back.
You start resting.
You carefully extract the barbed spikes from your body.
a - a +0 falchion (weapon)
A ynoxinul comes into view.
The ynoxinul bellows!
The ynoxinul gestures at you. The iron shot hits you!!
Okay, then.
Casting: Blink (safe; 5% risk of failure)
Confirm with . or Enter, or press ? or * to list all spells.
You blink.
A raiju comes into view. x2
A raiju comes into view.
You feel ready to blink again.
The raiju barks! x3
The raiju bursts into living lightning!
The living lightning hits the raiju.
The raiju completely resists.
The living lightning misses you.
The raiju blinks! x2
A raiju comes into view.
The raiju bursts into living lightning!
The living lightning misses the raiju.
The living lightning hits the raiju.
The raiju completely resists.
The living lightning hits you.
The raiju blinks! x4
The air fills with toxic fumes!
As you read the scroll labelled BOSEEX LOUWK, it crumbles to dust.
It was a scroll of poison.
The raiju bursts into living lightning!
The living lightning hits you!!
* * * LOW HITPOINT WARNING * * *
The raiju blinks!
The ynoxinul barely misses you.
The raiju bursts into living lightning!
The living lightning hits you!
You die...

....##..
.§§§§#§. # ..
#§§§§§. # #.. #
...#§§§§ # # .
# . #.§§ . #.
..#.##h§ . #. .
. ..#h## #
#....#.####h§##
#. #..
#.##@.##.# . ..
. ###3§### # #
# ....#..#
##§§§# #.#. # .
# ...
.#.#§##§§§#. .
.#. .....#
##§###§... §.
##.. ..#.#..
#.#§#... # ...
# .# .##....#.
....#§#.#.#..#
# ## #.
#..##.#.##§
...# # ## ..##.
..##..3.#3.#


You could see a raiju and a ynoxinul.

Vanquished Creatures
  A black bear (D:4)
  An ogre (D:5)
  3 hounds
  A bombardier beetle (D:4)
  A sleepcap (D:4)
  7 adders
  2 ufetubi (D:5)
  2 ribbon worms
  4 dart slugs
  An orc (D:4)
  2 bats
  6 endoplasms
  3 giant cockroaches
  8 goblins
  7 hobgoblins
  5 kobolds
  2 quokkas
  3 ball pythons
  2 frilled lizards
  4 rats
65 creatures vanquished.

Vanquished Creatures (others)
  A butterfly (D:4)
1 creature vanquished.

Grand Total: 66 creatures vanquished

Notes
Turn   | Place    | Note
-------+----------+-------------------------------------------
     0 | D:1      | Esekla the Naga Warper began the quest for the Orb.
     0 | D:1      | Reached XP level 1. HP: 19/19 MP: 3/3
   198 | D:3      | Identified the +0 ring mail "Kouzui" {rElec MP+9 Str+4
                  | Int-2}
   243 | D:4      | Found Byclex's Magic Scroll Boutique.
   439 | D:1      | Reached XP level 2. HP: 27/27 MP: 5/5
   854 | D:2      | Reached XP level 3. HP: 26/33 MP: 6/6
   857 | D:2      | Learned a level 2 spell: Blink
  1571 | D:1      | You fall into a shaft and drop 1 floor!
  2048 | D:1      | Got Sif Muna's Omnibus of Azure Iniquitous Magic
  2331 | D:3      | Reached XP level 4. HP: 40/40 MP: 7/7
  2582 | D:4      | Noticed a black bear
  2595 | D:4      | Found a hide-covered altar of Uskayaw.
  2595 | D:4      | Noticed a +0 dagger
  2595 | D:4      | Noticed a +0 falchion
  2596 | D:4      | Noticed a +0 spear
  2596 | D:4      | Noticed a +0 dagger
  2596 | D:4      | Noticed a +0 spear
  2596 | D:4      | Noticed a +0 short sword
  2605 | D:4      | Noticed a +0 short sword
  2606 | D:4      | Noticed a +0 falchion
  2842 | D:4      | HP: 3/63 [sleepcap (6)]
  2847 | D:4      | Reached skill level 1 in Stealth
  3037 | D:5      | Entered Level 5 of the Dungeon
  3056 | D:5      | Reached XP level 5. HP: 23/49 MP: 8/8
  3210 | D:4      | Killed a black bear
  3211 | D:4      | Reached skill level 1 in Throwing
  3211 | D:4      | Reached XP level 6. HP: 30/56 MP: 7/10
  3501 | D:4      | Found a white marble altar of Elyvilon.
  4049 | D:5      | Reached XP level 7. HP: 40/64 MP: 5/11
  4504 | D:6      | Noticed a kobold demonologist
  4541 | D:6      | Noticed a red devil
  4541 | Abyss:1  | Cast into level 1 of the Abyss (red devil)
  4598 | Abyss:1  | Noticed a ynoxinul
  4608 | Abyss:1  | Noticed a raiju
  4608 | Abyss:1  | Noticed a raiju
  4609 | Abyss:1  | Noticed a raiju
  4610 | Abyss:1  | Noticed a raiju
  4612 | Abyss:1  | Killed from afar by a raiju

Illustrated notes

Levels and vault maps discovered:
D:1:      dpeg_arrival_water_fire, layout_loops_ring, kennysheep_another_room,
          nrook_loot_triangle, minmay_tromino_v4_b
D:2:      layout_loops_ring, chequers_serial_rivers_large_a
D:3:      layout_basic
D:4:      layout_loops_ring, nicolae_elyvilon_peaceful_grove,
          nicolae_uskayaw_en_pointe, serial_shops, shop
D:5:      layout_cave_pools, amethyst_killhole
D:6:      layout_basic, nicolae_letterblocks [nicolae_letter_subblock,
          nicolae_letter_subblock, nicolae_letter_subblock,
          nicolae_letter_subblock, nicolae_letter_subblock,
          nicolae_letter_subblock, nicolae_letter_subblock,
          nicolae_letter_subblock, nicolae_letter_subblock,
          nicolae_letter_subblock, nicolae_letter_subblock,
          nicolae_letter_subblock, nicolae_letter_subblock,
          nicolae_letter_subblock, nicolae_letter_subblock,
          nicolae_letter_subblock, nicolae_letter_subblock,
          nicolae_letter_subblock, nicolae_letter_subblock,
          nicolae_letter_subblock, nicolae_letter_subblock,
          nicolae_letter_subblock, nicolae_letter_subblock,
          nicolae_letter_subblock, nicolae_letter_subblock]
Abyss:1:  base:
D:6

Skill      XL: |  1  2  3  4  5  6 |
---------------+-------------------+-----
Fighting       | 3 4 |  4.2
Dodging        | 2 |  2.4
Stealth        | 1 |  1.3
Long Blades    | 3 4 |  4.1
Throwing       | 1 |  1.2
Spellcasting   | 3 |  3.2
Armour         | |  0.7
Translocations | |  3.8

Action                     |  1- 3 |  4- 6 |  7- 9 || total
---------------------------+-------+-------+-------++-------
  Melee: Falchion          |    95 |    99 |    11 ||   205
         Punch             |     1 |       |     2 ||     3
         Dagger            |       |       |    25 ||    25
  Throw: Dart              |       |    13 |     4 ||    17
   Cast: Blink             |       |     8 |     1 ||     9
Ability: Spit Poison       |    14 |    27 |     8 ||    49
    Use: Scroll            |       |     6 |     1 ||     7
         Potion            |       |     1 |       ||     1
   Stab: Sleeping          |     1 |       |       ||     1
 Armour: Leather armour    |    75 |   114 |    53 ||   242
  Dodge: Dodged            |    50 |    80 |    37 ||   167
